AoeStats
← Red Calypso

African Clearing

506953025Analyzed
4v4 RM · 17d ago on Sep 15, 2026· 48m 38s· 8 players
Game mode
Random Map
Map size
Large (8 player)
Population
200
Speed
Normal
Resources
Standard
Victory
Conquest
Starting age
Dark Age
Ending age
Imperial Age
RankedLock teamsTeams togetherTeam positionsShared explorationLock speedFull tech treeHidden civsTurbo modeCheats
Victory
Defeat
🇨🇴 Vikings · Colombia
1443
+13
🇵🇾 Poles · Paraguay
1409
+14
🇲🇽 Britons · Mexico
1391
+15
🇲🇽 Mongols · Mexico
1366
+16
🇦🇹 Huns · Austria
1462
-17
🇩🇪 Vietnamese · Germany
1403
-16
🇩🇪 Mongols · Germany
1384
-15
🇮🇹 Georgians · Italy
1254
-10
Red Calypso
4:27 Loom
14:41 Feudal Age
19:33 Castle Age
18:19 Bloodlines
18:57 Scale Barding Armor
20:13 Forging
25:00 Double-Bit Axe
25:53 Chain Barding Armor
32:20 Wheelbarrow
31:28 Horse Collar
36:01 Heavy Plow
40:15 Iron Casting
40:01 Bow Saw
40:14 Bow Saw
44:41 Imperial Age
41:47 Light Cavalry
43:01 Hand Cart
LukasPlanet
3:27 Loom
13:59 Feudal Age
19:11 Castle Age
19:32 Town Watch
28:43 Double-Bit Axe
30:39 Wheelbarrow
31:56 Hand Cart
31:25 Horse Collar
32:44 Heavy Plow
35:43 Gold Mining
35:43 Stone Mining
37:07 Town Patrol
38:56 Scale Barding Armor
39:01 Forging
40:16 Chain Barding Armor
40:36 Husbandry
41:26 Bloodlines
42:20 Bloodlines
Dagoth_Ur
8:36 Loom
14:07 Feudal Age
18:15 Castle Age
16:47 Double-Bit Axe
18:21 Elite Skirmisher
21:11 Padded Archer Armor
36:59 Horse Collar
Aremenius
4:25 Loom
13:39 Feudal Age
14:51 Double-Bit Axe
18:05 Castle Age
16:42 Horse Collar
17:00 Fletching
17:09 Gold Mining
31:53 Fletching
36:01 Wheelbarrow
39:42 Imperial Age
38:15 Bloodlines
42:05 Imperial Age
42:16 Imperial Age
39:45 Light Cavalry
40:35 Scale Barding Armor
41:02 Bodkin Arrow
42:50 Padded Archer Armor
Charro
11:39 Feudal Age
12:21 Double-Bit Axe
13:43 Loom
19:53 Castle Age
19:31 Scale Barding Armor
20:13 Stone Mining
23:11 Bow Saw
22:48 Town Watch
30:39 Wheelbarrow
34:35 Imperial Age
32:35 Fletching
32:46 Padded Archer Armor
33:42 Bodkin Arrow
34:42 Leather Archer Armor
35:09 Hand Cart
34:21 Elite Skirmisher
35:20 Bracer
35:48 Horse Collar
37:15 Chemistry
37:00 Gold Mining
37:34 Chain Barding Armor
37:36 Ballistics
38:30 Conscription
38:54 Forging
38:26 Light Cavalry
39:17 Bloodlines
39:08 Husbandry
40:22 Gold Shaft Mining
39:38 Heavy Camel Rider
41:07 Heavy Plow
42:01 Iron Casting
42:12 Hussar
43:36 Stone Shaft Mining
45:58 Masonry
45:50 Town Patrol
46:52 Blast Furnace
MEX_Angel_Tj
3:28 Loom
12:43 Feudal Age
13:16 Double-Bit Axe
14:46 Fletching
14:56 Padded Archer Armor
23:51 Castle Age
22:50 Horse Collar
24:03 Wheelbarrow
23:38 Gold Mining
24:00 Crossbowman
24:38 Bodkin Arrow
25:46 Leather Archer Armor
34:02 Hand Cart
41:08 Heavy Plow
42:54 Bow Saw
43:38 Gold Shaft Mining
47:30 Imperial Age
47:57 Ballistics
48:07 Town Watch
48:09 Elite Longbowman
49:10 Conscription
49:14 Yeomen
48:24 Sappers
48:57 Warwolf
48:51 Stone Mining
50:16 Chemistry
Viva Cristo
6:57 Loom
14:03 Feudal Age
18:11 Castle Age
18:32 Double-Bit Axe
20:43 Fletching
31:00 Horse Collar
34:45 Scale Mail Armor
35:29 Town Watch
39:47 Chain Mail Armor
40:52 Forging
47:38 Iron Casting
48:46 Town Patrol
49:02 Bow Saw
DonNarko
3:30 Loom
12:59 Feudal Age
17:36 Castle Age
15:43 Double-Bit Axe
20:10 Wheelbarrow
21:41 Hand Cart
21:12 Town Watch
25:18 Scale Mail Armor
25:45 Bow Saw
26:31 Chain Mail Armor
27:13 Forging
28:26 Fletching
31:21 Husbandry
31:49 Gold Mining
32:07 Horse Collar
33:48 Bloodlines
33:43 Scale Barding Armor
33:44 Heavy Plow
34:15 Stone Mining
35:29 Bodkin Arrow
35:55 Chain Barding Armor
36:11 Iron Casting
36:51 Szlachta Privileges
41:42 Imperial Age
41:43 Cavalier
43:26 Blast Furnace
42:58 Crop Rotation
45:11 Bracer
49:09 Ballistics
49:50 Chemistry
49:01 Masonry
48:57 Siege Engineers
48:54 Town Patrol
49:19 Conscription
49:19 Lechitic Legacy
48:19 Elite Obuch
49:34 Hoardings
Connection lost

Rejoining the realm…

Still unreachable

The connection could not be restored.

Session expired

The server has moved on; the page needs a fresh start.